Cogmind - Beta 15 @@@ ROGUE MODE // 2025.09.26 @ 12:43:20 Player: Gruff Result: Destroyed by P-60 Hacker with Shock Rifle Performance ------------- Evolutions (4) 2000 Regions Visited (4) 800 Robots Destroyed (13) 65 Value Destroyed (456) 456 Prototype IDs (4) 80 Alien Tech Used (0) 0 Bonus (800) 800 TOTAL SCORE: 4201 Bonus ------- Registered with UFD 300 Met Optimus in HQ 500 Cogmind --------- Core Integrity 0/850 Matter 155/300 Energy 500/500 System Corruption 5% Temperature Cool (1) Movement Flying (65) Location -6/Factory Parts ------- > --- POWER (2) -------- F-cell Engine > --- PROPULSION (4) --- Medium Treads Armored Leg VTOL Module > --- UTILITY (7) ------ Advanced Weight Redist. System Triangulator Improved Melee Analysis Suite Improved Hacking Suite > --- WEAPON (2) ------- (None) > --- INVENTORY (5) ---- Light Nuclear Core Railgun Large Botcube Peak State ------------ > --- POWER ------------ Light Angular Momentum Engine > --- PROPULSION ------- Makeshift Flight Unit Makeshift Flight Unit Makeshift Flight Unit Makeshift Flight Unit > --- UTILITY ---------- Small Storage Unit Improved Melee Analysis Suite Improved Melee Analysis Suite Improved Melee Analysis Suite Improved Melee Analysis Suite EM Shield Improved System Shield > --- WEAPON ----------- Railgun Railgun > --- INVENTORY -------- Improved Ion Engine Advanced Heat Sink Plasma Rifle Cooled Plasma Cannon Large Botcube [Rating: 66] Favorites ----------- Power Ion Engine Engine Ion Engine Power Core Light Nuclear Core Propulsion Makeshift Flight Unit Treads Light Treads Leg Armored Leg Wheel Wheel Hover Unit Airjet Flight Unit Makeshift Flight Unit Utility Improved Melee Analysis Suite Device Improved Particle Charger Storage Small Storage Unit Processor Improved Melee Analysis Suite Hackware Improved System Shield Weapon Assault Rifle Energy Gun Spread Laser Energy Cannon Cooled Plasma Cannon Ballistic Gun Assault Rifle Ballistic Cannon Improved Light Cannon Special Weapon Junk Cannon Slashing Weapon Katana Build | -11 -10 -10 -9 -6 ------- Run | Yrd Mat Sub Scr Fac Slots Evolved 8 | . . . . 8 Power 1 | . . . . 1 Propulsion 2 | . . . . 2 Utility 5 | . . . . 5 Weapon . | . . . . . Parts Attached 57 | 9 . 2 12 34 Power 7 | 1 . . 1 5 Engine 6 | 1 . . 1 4 Core 1 | . . . . 1 Reactor . | . . . . . Propulsion 23 | 4 . 2 5 12 Treads 5 | 2 . . 1 2 Leg 3 | 2 . . . 1 Wheel 2 | . . 2 . . Hover 7 | . . . 2 5 Flight 6 | . . . 2 4 Utility 16 | 2 . . 2 12 Device 8 | 1 . . 1 6 Storage 1 | 1 . . . . Processor 5 | . . . 1 4 Hackware 2 | . . . . 2 Protection . | . . . . . Artifact . | . . . . . Weapon 11 | 2 . . 4 5 Energy Gun 2 | . . . 1 1 Energy Cannon 2 | . . . 1 1 Ballistic Gun 4 | 2 . . . 2 Ballistic Cannon 1 | . . . 1 . Launcher . | . . . . . Special Weapon 1 | . . . 1 . Impact Weapon . | . . . . . Slashing Weapon 1 | . . . . 1 Piercing Weapon . | . . . . . Special Melee Weapon . | . . . . . Unidentified Prototypes 4 | . . . 1 3 Parts Lost 22 | . . . . 22 Power 3 | . . . . 3 Propulsion 10 | . . . . 10 Utility 7 | . . . . 7 Weapon 2 | . . . . 2 Highest Loss Streak 9 | . . . . 9 To Critical Strikes . | . . . . . Average Backups 5 | 2 3 5 7 2 Power . | . 1 1 . . Propulsion 2 | 1 2 4 3 . Utility 1 | . . . 2 . Weapon . | . . . . 1 Tool/Special . | . . . . . Unused Backups 11 | 1 . . 9 1 Power 2 | . . . 2 . Propulsion 3 | 1 . . 2 . Utility 5 | . . . 4 1 Weapon 1 | . . . 1 . Tool/Special . | . . . . . Average Slot Usage (%) 78 | . 100 100 75 68 Engine 11 | . 14 14 14 6 Treads 4 | . 28 10 . . Wheel 2 | . . 17 2 . Hover 9 | . . . 18 2 Flight 7 | . . . 6 13 Device 9 | . 14 14 10 5 Storage 10 | . 14 14 14 4 Processor 7 | . . . 3 21 Hackware 1 | . . . . 3 Ballistic Gun 8 | . 28 28 2 3 Peak Build Rating 66 | 7 7 8 26 66 Average Rating 22 | 4 7 7 15 45 On Entrance 8 | . 7 7 8 19 Naked Turns . | . . . . . Heaviest Build 33 | 15 15 15 30 33 Greatest Support 43 | 40 40 40 43 37 Greatest Overweight (x) 2 | . . 1 1 2 Average Overweight (x) . | . . . . . Largest Inventory Capacity 8 | 8 8 8 8 8 Average Capacity 7 | 7 8 8 8 7 Most Carried 8 | 3 5 8 8 8 Average Carried 5 | 2 3 5 7 4 Final Capacity 8 | 8 8 8 8 5 Final Carried 8 | 3 5 8 8 4 Class Distribution -------------------- 85% | Mutant 14% | Derelict-Mutant Dominant Class ---------------- Mutant | -10/Materials Mutant | -10/Subcaves Mutant | -9/Scraptown Mutant | -6/Factory Resources | -11 -10 -10 -9 -6 ----------- Run | Yrd Mat Sub Scr Fac Matter Collected 792 | 204 27 119 63 379 Remotely . | . . . . . Salvage Created 680 | 12 13 . . 655 Parts 42 | 5 3 . . 34 Haulers Intercepted . | . . . . . Recyclers Shooed 1 | . . . . 1 Parts Field Recycled . | . . . . . Retrieved Matter . | . . . . . Parts Self-Destructed . | . . . . . Prevented . | . . . . . Kills | -11 -10 -10 -9 -6 ------- Run | Yrd Mat Sub Scr Fac Combat Hostiles Destroyed 10 | . 1 . . 9 Melee 6 | . . . . 6 Guns 4 | . 1 . . 3 Classes Destroyed 6 | 1 1 . . 4 Tunneler 1 | 1 . . . . Recycler 2 | . . . . 2 Swarmer 4 | . 1 . . 3 Grunt 1 | . . . . 1 Sentry 2 | . . . . 2 Programmer 3 | . . . . 3 Best Kill Streak 4 | 1 1 . . 4 Combat Bots Only 3 | . 1 . . 3 Max Kills in Single Turn 1 | 1 1 . . 1 Gunslinging . | . . . . . Exploded . | . . . . . Melee 1 | . . . . 1 Uniques/NPCs Destroyed . | . . . . . Combat | -11 -10 -10 -9 -6 -------- Run | Yrd Mat Sub Scr Fac Hostile Shots Fired 373 | . 6 1 . 366 Missed 155 | . 3 . . 152 Hits 218 | . 3 1 . 214 Projectile 218 | . 3 1 . 214 Critical Strikes 2 | . . . . 2 Damage Taken 2437 | . 23 26 . 2388 Core 863 | . . . . 863 Absorbed by Shields . | . . . . . Ignored by Resistances 44 | . . . . 44 Core Remaining (%) 100 | 100 . . 100 . Volleys Fired 28 | 2 4 2 . 20 Largest 2 | 2 2 2 . 2 Hottest 70 | 40 40 40 . 70 Shots Fired 43 | 4 8 4 . 27 Gun 43 | 4 8 4 . 27 Cannon . | . . . . . Launcher . | . . . . . Special . | . . . . . Kinetic 43 | 4 8 4 . 27 Thermal . | . . . . . Explosive . | . . . . . Electromagnetic . | . . . . . Robot Hit Streak 5 | 1 1 3 . 5 Robot Miss Streak 3 | 2 3 1 . 2 Penetration Max 1 | . . . . 1 Secondary Targets . | . . . . . Shots Hit Robots 47 | 2 2 3 . 40 Core Hits 13 | 1 1 . . 11 Critical Kills . | . . . . . Critical Parts Destroyed . | . . . . . Critical Strikes 3 | . . . . 3 Sever 3 | . . . . 3 Melee Attacks 25 | . . . . 25 Impact . | . . . . . Slashing 25 | . . . . 25 Piercing . | . . . . . Sneak Attacks 3 | . . . . 3 Combat Hostiles . | . . . . . Follow-up Attacks . | . . . . . Damage Inflicted 1656 | 33 25 33 . 1565 Guns 633 | 26 25 33 . 549 Cannons . | . . . . . Explosions . | . . . . . Melee 997 | . . . . 997 Ramming 26 | 7 . . . 19 Kinetic 633 | 26 25 33 . 549 Thermal . | . . . . . Explosive . | . . . . . Electromagnetic . | . . . . . Impact . | . . . . . Slashing 997 | . . . . 997 Piercing . | . . . . . Highest Corruption 5 | . . . . 5 Average Corruption 3 | . . . . 3 Corruption Purged . | . . . . . Corruption Blocked . | . . . . . Effects 6 | . . . . 6 Message Errors 1 | . . . . 1 Energy Discharges 4 | . . . . 4 Data Loss (minor) 1 | . . . . 1 Overload Shots . | . . . . . Overflow Damage 122 | . . . . 122 Projectiles . | . . . . . Explosions . | . . . . . Melee 122 | . . . . 122 Knockbacks . | . . . . . Impact . | . . . . . Kinetic . | . . . . . Secondary . | . . . . . Self-Inflicted Damage 9 | . . . . 9 Shots . | . . . . . Rammed 3 | 2 . . . 1 Targets Rammed 3 | 2 . . . 1 Kicked . | . . . . . Crushed . | . . . . . Highest Temperature 25 | . . . . 25 Average Temperature 12 | . . . . 12 Received Heat Transfer 573 | . . 9 . 564 Siege Activations . | . . . . . Martial Activations . | . . . . . Shielding Activations . | . . . . . Robots Disrupted . | . . . . . Combat Hostiles . | . . . . . Robots Corrupted . | . . . . . Combat Hostiles . | . . . . . Parts Fried . | . . . . . Impact Corruptions . | . . . . . Robots Melted . | . . . . . Combat Hostiles . | . . . . . Parts Melted . | . . . . . Heat Transferred . | . . . . . Parts Sabotaged . | . . . . . Parts Stolen . | . . . . . Parts Stripped . | . . . . . Power Chain Reactions . | . . . . . Alert | -11 -10 -10 -9 -6 ------- Run | Yrd Mat Sub Scr Fac Maximum Alert Level . | . . . . . Low Security (%) 100 | 100 100 . . 100 Level 1 . | . . . . . Level 2 . | . . . . . Level 3 . | . . . . . Level 4 . | . . . . . Level 5 . | . . . . . High Security . | . . . . . Max Security . | . . . . . Peak Influence 69 | 5 20 . . 69 Initial . | . . . . . Average 10 | . 1 . . 15 Influence Increases 347 | 5 26 . . 316 Destroy 0b10 Robot/C 200 | . 20 . . 180 Destroy 0b10 Robot/NC 15 | 5 . . . 10 Destroy Leader 60 | . . . . 60 Successful Hack 6 | . 6 . . . Destroy Structure 6 | . . . . 6 Partial Spotted 15 | . . . . 15 Lose Combat Pursuer 45 | . . . . 45 Influence Decreases 320 | 5 26 . . 289 Time Decay 181 | 5 26 . . 150 Lost Part 139 | . . . . 139 Squads Dispatched 5 | . . . . 5 Investigation . | . . . . . Extermination 2 | . . . . 2 Reinforcement . | . . . . . Assault . | . . . . . Garrison 3 | . . . . 3 Intercept . | . . . . . Searches Triggered . | . . . . . Construction Impeded . | . . . . . Haulers Reinforced . | . . . . . Active Scanning Responses . | . . . . . Cargo Convoy Interrupts . | . . . . . Stealth | -11 -10 -10 -9 -6 --------- Run | Yrd Mat Sub Scr Fac Distress Signals 2 | . . . . 2 Communications Jammed . | . . . . . Distress Signals . | . . . . . Times Spotted 25 | . 1 2 . 22 Peak Tracking Total 8 | . 1 1 . 8 Tactical Retreats 3 | . . . . 3 Traps | -11 -10 -10 -9 -6 ------- Run | Yrd Mat Sub Scr Fac Traps Triggered . | . . . . . Indirectly . | . . . . . Trap Hack Attempts . | . . . . . Triggered . | . . . . . Disarmed . | . . . . . Reprogrammed . | . . . . . Reused . | . . . . . Traps Extracted . | . . . . . Installed . | . . . . . Triggered . | . . . . . Machines | -11 -10 -10 -9 -6 ---------- Run | Yrd Mat Sub Scr Fac Machines Disabled . | . . . . . Max in Single Turn . | . . . . . Machines Repaired . | . . . . . Machines Dismantled . | . . . . . Machines Sabotaged . | . . . . . Overloaded Fab Kills . | . . . . . Hacking | -11 -10 -10 -9 -6 --------- Run | Yrd Mat Sub Scr Fac Machines Accessed 9 | . 1 . 3 5 Terminals 4 | . 1 . . 3 Fabricators 1 | . . . . 1 Repair Stations . | . . . . . Recycling Units 1 | . . . . 1 Scanalyzers . | . . . . . Garrison Access . | . . . . . Total Hacks 35 | . 3 . 22 10 Successful 27 | . 1 . 22 4 Failed 8 | . 2 . . 6 Catastrophic 2 | . . . . 2 Database Lockouts . | . . . . . Manual 4 | . 3 . . 1 Terminals 7 | . 3 . . 4 Fabricators 4 | . . . . 4 Repair Stations . | . . . . . Recycling Units 2 | . . . . 2 Scanalyzers . | . . . . . Garrison Access . | . . . . . Terminal Hacks 23 | . 1 . 22 . Record 22 | . . . 22 . Transport Status 1 | . 1 . . . Fabricator Hacks 2 | . . . . 2 Network Status 1 | . . . . 1 Build 1 | . . . . 1 Repair Station Hacks . | . . . . . Recycling Unit Hacks 2 | . . . . 2 Report Inventory 1 | . . . . 1 Retrieve Components 1 | . . . . 1 Scanalyzer . | . . . . . Garrison Access Hacks . | . . . . . Unauthorized Hacks . | . . . . . Terminals . | . . . . . Fabricators . | . . . . . Repair Stations . | . . . . . Recycling Units . | . . . . . Scanalyzers . | . . . . . Garrison Access . | . . . . . Data Cores Recovered . | . . . . . Used . | . . . . . Hacking Detections 5 | . 1 . . 4 Full Trace Events . | . . . . . Feedback Events . | . . . . . Feedback Blocked . | . . . . . Robot Schematics Acquired . | . . . . . Robots Built . | . . . . . Authchips . | . . . . . Time . | . . . . . Total Robot Build Rating . | . . . . . Part Schematics Acquired . | . . . . . Parts Built 2 | . . . . 2 Authchips . | . . . . . Time 117 | . . . . 117 Total Part Build Rating 14 | . . . . 14 Parts Repaired . | . . . . . Time . | . . . . . Parts Recycled . | . . . . . Recycled Matter . | . . . . . Retrieved Matter . | . . . . . Retrieved Components 7 | . . . . 7 Parts Scanalyzed . | . . . . . Part Schematics Acquired . | . . . . . Parts Damaged . | . . . . . Bothacking | -11 -10 -10 -9 -6 ------------ Run | Yrd Mat Sub Scr Fac Used RIF Installer . | . . . . . Robots Hacked . | . . . . . Non-combat . | . . . . . Combat . | . . . . . Robot Hacks Applied . | . . . . . Relay Couplers Released . | . . . . . Fabnet Peak Effective % . | . . . . . Robots Rewired . | . . . . . Allies Hacked . | . . . . . Hacks Repelled . | . . . . . Allies | -11 -10 -10 -9 -6 -------- Run | Yrd Mat Sub Scr Fac Total Allies . | . . . . . Largest Group . | . . . . . Highest-Rated Group . | . . . . . Highest-Rated Ally . | . . . . . Total Orders . | . . . . . Ally Attacks . | . . . . . Total Damage . | . . . . . Kills . | . . . . . Allies Corrupted . | . . . . . Allies Melted . | . . . . . Intel | -11 -10 -10 -9 -6 ------- Run | Yrd Mat Sub Scr Fac Active Infowar (turns) 850 | 20 282 267 97 184 Sensors 14 | . . . . 14 IFF 79 | . . . . 79 Seismic 666 | 20 282 267 97 . Triangulation 132 | . . . . 132 Robot Analysis Total . | . . . . . Derelict Logs Recovered 3 | . . 1 2 . Drone Launches . | . . . . . Drone Recoveries . | . . . . . Exploration | -11 -10 -10 -9 -6 ------------- Run | Yrd Mat Sub Scr Fac Turns Passed 2616 | 107 282 267 1173 787 Spaces Moved 2814 | 59 34 173 1697 851 Core 61 | 9 . . . 52 Treads 175 | 42 34 59 6 34 Legs 8 | 8 . . . . Wheels 213 | . . 114 99 . Hover 1276 | . . . 1086 190 Flight 1081 | . . . 506 575 Fastest Speed 32 | 50 160 80 52 32 Average Speed 66 | 137 160 107 63 55 Slowest Speed 165 | 160 160 160 165 160 Overloaded Moves . | . . . . . Propulsion Burnouts . | . . . . . Robots Hopped 2 | . . . . 2 Potential Cave-ins . | . . . . . Cave-ins Triggered . | . . . . . Exploration Rate (%) 27 | 5 5 18 88 23 Regions Visited 4 Branch Regions 2 Pre-discovered Areas 1 | . . . 1 . Known Exits Taken . | . . . . . Unknown Exits Taken 4 | 1 1 1 1 . Scrap Searched 6 | . . . 6 . Spaces Dug . | . . . . . Terrain Destroyed 7 | . . . . 7 Melee . | . . . . . Projectile 7 | . . . . 7 AOE . | . . . . . Terrain Rammed . | . . . . . Walls Destroyed . | . . . . . Machines Disabled . | . . . . . Actions | -11 -10 -10 -9 -6 --------- Run | Yrd Mat Sub Scr Fac Total 3467 | 76 254 248 1790 1099 Wait 461 | . 215 68 41 137 Move 2807 | 59 33 172 1696 847 Hop 2 | . . . . 2 Pick Up 30 | 4 2 3 13 8 Fast Attach 35 | 7 . . 7 21 Attach 19 | . . . . 19 Detach 15 | . . . 2 13 Swap 13 | 2 . 3 8 . Drop 30 | 1 . . 23 6 Fire 28 | 2 4 2 . 20 Melee 25 | . . . . 25 Ram 1 | . . . . 1 Kick . | . . . . . Crush 1 | 1 . . . . Escape Stasis . | . . . . . Rewire . | . . . . . Trap . | . . . . . Miscellaneous . | . . . . . Route ------- -11/Scrapyard -10/Materials -10/Subcaves -9/Scraptown (discovered 2 exits: *Fac x2) -6/Factory History --------- Turn | Location | Event 3 | -11/Scrapyard | Discovered new exit (range 15) 108 | -11/Scrapyard | Entered Materials 109 | -10/Materials | Met a group of wandering Federalists 310 | -10/Materials | Build established: Mutant 384 | -10/Materials | Discovered new exit (range 5) 390 | -10/Materials | Entered Subcaves 391 | -10/Subcaves | Continued accompanying wandering Federalists (5) 645 | -10/Subcaves | Wandering Federalist uncovered a shortcut to Scraptown 657 | -10/Subcaves | Entered Scraptown 849 | -9/Scraptown | Visited Assassins FH 858 | -9/Scraptown | Visited IN-MT5's Study 868 | -9/Scraptown | Visited Spacefarers 878 | -9/Scraptown | Visited Supply Room 885 | -9/Scraptown | Visited Cyclists 916 | -9/Scraptown | Scanned Subdweller tech in exchange for log data 917 | -9/Scraptown | Learned location of Extension (-5) 918 | -9/Scraptown | Learned Factory terminal intel 927 | -9/Scraptown | Discovered new exit (range 5) 1108 | -9/Scraptown | Visited UFD Registry 1108 | -9/Scraptown | Registered with UFD as "Gammacase" 1115 | -9/Scraptown | Visited SPCMW 1118 | -9/Scraptown | Visited Symbiants 1246 | -9/Scraptown | Entered Cyclist Reading Room 1398 | -9/Scraptown | Visited Junk Cannon Lab 1405 | -9/Scraptown | Found Prototype Special Weapon 1405 | -9/Scraptown | Identified Junk Cannon 1456 | -9/Scraptown | Visited Scrap Suit Storage 1529 | -9/Scraptown | Visited Supply Room 1588 | -9/Scraptown | Visited Derelict Rescue Squad 1612 | -9/Scraptown | Discovered new exit (range 3) 1656 | -9/Scraptown | Visited Scrapoid Pod Storage 1666 | -9/Scraptown | Visited Science Guys 1677 | -9/Scraptown | Visited Botcube Research 1682 | -9/Scraptown | Found Lrg. Botcube 1800 | -9/Scraptown | Met Optimus 1800 | -9/Scraptown | Accepted into 0bPrime 1830 | -9/Scraptown | Entered Factory 1830 | -6/Factory | Evolved 8 slots: Power x1, Propulsion x2, Utility x5 1831 | -6/Factory | Loaded intel: 26 terminal locations 2002 | -6/Factory | Fabricated Railgun? 2126 | -6/Factory | Garrison activated, responded to threat 2133 | -6/Factory | Build established: Derelict-Mutant 2240 | -6/Factory | Spotted B-75 Beast 2272 | -6/Factory | Lost 9 parts (2p5n2u) 2363 | -6/Factory | Core integrity fell below 50% 2519 | -6/Factory | Core integrity fell below 20% 2526 | -6/Factory | Build established: Mutant 2565 | -6/Factory | Lost 9 parts (1p3n3u2w) 2617 | -6/Factory | Destroyed by P-60 Hacker with Shock Rifle Last Messages --------------- R-10 Processor collects Autogun. Acquired VTOL Module. Imp. Airjet destroyed. Acquired VTOL Module. R-10 Processor collects Lgt. Nuclear Core. ALERT: Potential suspicious activity detected, Programmers report to Factory Zone 1J. R-10 Processor collects Autogun. Acquired Prototype Engine. Identified F-cell Engine. System corrupted: Energy discharge (-16). Acquired Med. Treads. Acquired Arm. Leg. T-07 Excavator is excavating. VTOL Module destroyed. U-05 Engineer works on Matter Pump. Critical hit (Burn: +37). U-05 Engineer works on Matter Pump. K-01 Serf collects debris. U-05 Engineer works on Matter Pump. K-01 Serf collects debris. Map ----- +----------------------------------------------------+ | ?????????????????????????????????????????????????? | | ?????????????????????????????????????????????????? | | ?????????????????????????????????????????????????? | | ?????????????????????????????????????????????????? | | ?????????????????????????????????????????????????? | | ?????????????????????????????????????????????????? | | ?????????????????????????????????????????????????? | | ???????????????????????????????????w?????????????? | | ?????????????????????????????????????????????????? | | ?????????????????????????????????????????????????? | | ?????????????????????????????????? ?????????? | | ?????????????????????????????????? #????????? | | ??????""????????????#????????????? +????????? | | ??????""????????????# ???????????? #????????? | | ??????"T????????????# ????????????# #????????? | | ??????""????????????# ####????????# ####+##??? | | ??????""????????????# ????????# ???? | | ???????????????????## #?####### ????? | | ???????????????????? #? # ?????? | | ????????????????????# # # ??????? | | ????????????????????# # """ # ???????? | | ????????????????????# # """ [ # ########## | | ??? ????????????????# # """ # # ! ] # | | ??? ????????????????# # # # "" # | | ??? ????????? ????# # """ # # ""S # | | ??? ???????# ???# @# """ # # "" # | | ??? ######## #### # """ / + # | | ??? # # # """ # | | # # # """ # | | """ """ """ """ < k p####+#### # """ # | | """ """ """ """ uu< # ?? | | """ """ """ """ <